 Dungeon Crawl Stone Soup version 0.27-a0-1342-ga99462a43c (webtiles) character file.

Game seed: 8053325366077383930

109 Delamore the Sneak (level 4, -4/30 HPs)
             Began as an Octopode Brigand on June 27, 2021.
             Slain by Grinder (6 damage)
             ... on level 3 of the Dungeon.
             The game lasted 00:01:56 (1997 turns).

Delamore the Sneak (Octopode Brigand)               Turns: 1997, Time: 00:01:56

Health: -4/30      AC:  1    Str: 16    XL:     4   Next: 89%
Magic:  4/4        EV: 12    Int: 13    God:
Gold:   88         SH:  0    Dex: 14    Spells: 3/3 levels left

rFire    . . .     SeeInvis .   a - +2 dagger
rCold    . . .     Faith    .   (no shield)
rNeg     . . .     Spirit   .   (helmet restricted)
rPois    .         Reflect  .   (no amulet)
rElec    .         Harm     .   l - +6 ring of strength
rCorr    .         Rampage  .   (no ring)
Will     .....                  (no ring)
Stlth    ++++......             (no ring)
HPRegen  0.10/turn              (no ring)
MPRegen  0.09/turn              (no ring)
                                (no ring)
                                (no ring)

@: no status effects
A: almost no armour, amphibious, 8 rings, camouflage 1, gelatinous body 1,
(nimble swimmer 1), tentacles
a: no special abilities


You were on level 3 of the Dungeon.
You visited 1 branch of the dungeon, and saw 3 of its levels.

You collected 88 gold pieces.

Inventory:

Hand Weapons
 a - a +2 dagger (weapon)
Missiles
 b - 8 poisoned darts
 c - 2 curare-tipped darts (quivered)
Jewellery
 l - a +6 ring of strength (left tentacle)
Scrolls
 e - a scroll of acquirement {unknown}
 g - a scroll of fog {unknown}
 h - a scroll of enchant armour {unknown}
 k - a scroll of teleportation {unknown}
 o - a scroll of summoning {unknown}
Potions
 d - 2 potions of magic {unknown}
 f - a potion of lignification {unknown}
 i - 3 potions of flight {unknown}
 j - a potion of curing {unknown}
 m - a potion of berserk rage {unknown}
 n - a potion of brilliance {unknown}


   Skills:
 + Level 2.9 Fighting
 + Level 3.0 Short Blades
 - Level 2.0 Throwing
 - Level 1.0 Dodging
 * Level 7.0 Stealth


You had 3 spell levels left.
You didn't know any spells.
Your spell library was empty.

Dungeon Overview and Level Annotations

Branches:
Dungeon (3/15)

Altars:

Annotations:
D:3 Grinder


Innate Abilities, Weirdness & Mutations

You cannot wear most types of armour.
You are amphibious.
You can wear up to eight rings at the same time.
Your skin changes colour to match your surroundings (Stealth+).
Your rubbery body absorbs attacks. (AC +1, EV +1)
((You are camouflaged near water. (Stealth+)))
You have tentacles for arms and can constrict up to eight enemies at once.


Message History

Grinder is nearby!
Found a stone staircase leading down.
You see here a +0 club.
A frilled lizard comes into view.
You hit the frilled lizard but do no damage.
Your grab misses the frilled lizard. You squeeze the frilled lizard.
You kill the frilled lizard!
Your Short Blades skill increases to level 3!
A hobgoblin comes into view.
Grinder shouts!
Grinder hits you.
You closely miss Grinder. Your grab misses Grinder. Grinder gestures at you.
You resist with significant effort. Grinder hits you!
Throw: 6 darts (curare)
Press: ? - help, Q - select action, (/) - cycle Shift-Dir - straight line, f - Grinder
Aim: Grinder (57% to hit)
You throw a curare-tipped dart. The curare-tipped dart hits Grinder.
Grinder barely misses you.
Throw: 5 darts (curare)
Press: ? - help, Q - select action, (/) - cycle Shift-Dir - straight line, f/p - Grinder
Aim: Grinder (57% to hit)
You throw a curare-tipped dart. The curare-tipped dart hits Grinder.
The hobgoblin hits you. Grinder barely misses you.
Throw: 4 darts (curare)
Press: ? - help, Q - select action, (/) - cycle Shift-Dir - straight line, f/p - Grinder
Aim: Grinder (57% to hit)
You throw a curare-tipped dart. The curare-tipped dart hits Grinder.
The hobgoblin hits you.
* * * LOW HITPOINT WARNING * * *
Throw: 3 darts (curare)
Press: ? - help, Q - select action, (/) - cycle Shift-Dir - straight line, f/p - Grinder
Aim: Grinder (57% to hit)
You throw a curare-tipped dart.
The curare-tipped dart barely misses Grinder.
Grinder hits you.
* * * LOW HITPOINT WARNING * * *
You writhe in agony.
You die...

..........#
..........####.# +#
######
..........#.....#.#
#.....
..........#.....#.#
#.....
....#######.....#.#
####.....
'##########.....#.#
#........
.........##.......##
#........
.........##........#
#........
.........#####.#@>.#
#........
.........')....g5..#
#........
........[#####†##.##
#........ ..†......#
#....# ###.#'###
.....#'### #########
#.#.# .....#.#
#.######.#.# +#####.#
#..).....#.# ..#
#.#####..#.#
###################.#
#..#.#


You could see Grinder and a hobgoblin.

Vanquished Creatures
  Jessica (D:3)
  An adder (D:2)
  2 worms (D:2)
  2 dart slugs
  An orc (D:2)
  7 endoplasms
  2 giant cockroaches
  2 goblins
  6 hobgoblins
  5 jackals (D:1)
  6 kobolds
  A quokka (D:3)
  5 ball pythons
  4 bats
  7 frilled lizards
  6 rats
58 creatures vanquished.

Notes
Turn   | Place    | Note
-------+----------+-------------------------------------------
     0 | D:1      | Delamore the Octopode Brigand began the quest for the Orb.
     0 | D:1      | Reached XP level 1. HP: 14/14 MP: 1/1
    55 | D:1      | Found a faded altar of an unknown god.
   136 | D:1      | Reached XP level 2. HP: 18/19 MP: 2/2
   386 | D:1      | Reached skill level 6 in Stealth
   552 | D:1      | Reached XP level 3. HP: 25/25 MP: 3/3
  1240 | D:2      | Reached XP level 4. HP: 23/30 MP: 4/4
  1939 | D:3      | Noticed Jessica
  1946 | D:3      | Killed Jessica
  1947 | D:3      | Reached skill level 7 in Stealth
  1984 | D:3      | Noticed Grinder
  1997 | D:3      | Slain by Grinder

Illustrated notes

Levels and vault maps discovered:
D:1:      nzn_arrival_crosshair, layout_loops_cross,
          hellmonk_ecumenical_altar_heavens_door
D:2:      layout_rooms, kennysheep_generic_room_10
D:3:      layout_basic, beargit_hepliaklqana_dungeon_heroes, minmay_box_of_dots,
          uniq_robin, uniq_jessica, uniq_grinder, uniq_crazy_yiuf_cottage

Skill      XL: |  1  2  3  4 |
---------------+-------------+-----
Stealth        | 6 7 |  7.0
Short Blades   | 3 |  3.0
Fighting       | |  2.9
Throwing       | |  2.0
Dodging        | |  1.0

Action                   |  1- 3 |  4- 6 || total
-------------------------+-------+-------++-------
Melee: Dagger            |    71 |    23 ||    94
       Constrict         |     8 |     2 ||    10
       Tentacles         |     5 |     3 ||     8
Throw: Dart              |       |     4 ||     4
 Stab: Sleeping          |    21 |     8 ||    29
Armor: Skin              |     6 |       ||     6
Dodge: Dodged            |    27 |     7 ||    34

Table legend: (Time is in decaauts)
 A = Elapsed time spent in this place.
 B = Non-inter-level travel time spent in this place.
 C = Inter-level travel time spent in this place.
 D = Time resting spent in this place.
 E = Time spent auto-exploring this place.
 F = Levels seen in this place.
 G = Mean time per level.
                   A        B        C        D        E       F      G
               +--------+--------+--------+--------+--------+-----+--------+
         Total |   1983 |   1927 |     56 |      0 |   1604 |   3 |  661.0 |
       Dungeon |   1983 |   1927 |     56 |      0 |   1604 |   3 |  661.0 |
               +--------+--------+--------+--------+--------+-----+--------+

Top non-repeatable levels by time:
     D:1: 938 daAuts
     D:2: 803 daAuts
     D:3: 241 daAuts
